 Dungeon Crawl Stone Soup version 0.29.1-15-g9cfb28693d (webtiles) character file.

Game seed: 16840336048205351028

28 Achh the Trooper (level 2, 0/27 HPs)
             Began as a Minotaur Fighter on Mar 15, 2023.
             Slain by a gnoll
             ... wielding a +0 spear
              (2 damage)
             ... on level 2 of the Dungeon.
             The game lasted 00:00:56 (219 turns).

Achh the Trooper (Minotaur Fighter)                  Turns: 219, Time: 00:00:56

Health: 0/27       AC:  7    Str: 20    XL:     2   Next: 96%
Magic:  1/1        EV:  9    Int:  5    God:
Gold:   20         SH:  4    Dex:  9    Spells: 1/1 levels left

rFire   . . .      SeeInvis .   a - +0 war axe
rCold   . . .      Faith    .   c - +0 buckler
rNeg    . . .      Spirit   .   b - +0 scale mail
rPois   .          Reflect  .   (helmet restricted)
rElec   .          Harm     .   (no cloak)
rCorr   .          Rampage  .   (no gloves)
Will    .....                   (no boots)
Stlth   ..........              (no amulet)
HPRegen 0.09/turn               (no ring)
MPRegen 0.07/turn               (no ring)

@: no status effects
A: horns 2, retaliatory headbutt
a: no special abilities


You were on level 2 of the Dungeon.
You visited 1 branch of the dungeon, and saw 2 of its levels.

You collected 20 gold pieces.

Inventory:

Hand Weapons
 a - a +0 war axe (weapon)
Armour
 b - a +0 scale mail (worn)
 c - a +0 buckler (worn)
Scrolls
 e - a scroll of teleportation {unknown}
Potions
 d - a potion of might
 f - 2 potions of ambrosia {unknown}
 g - a potion of mutation {unknown}


   Skills:
 + Level 4.0 Fighting
 + Level 3.0 Axes
 + Level 4.0 Armour
 + Level 4.0 Shields


You had one spell level left.
You didn't know any spells.
Your spell library contained the following spells:

 Spells                   Type           Power      Damage    Failure   Level
 Beastly Appendage        Tmut           0%         N/A       89%         1


Dungeon Overview and Level Annotations

Branches:
Dungeon (2/15)

Altars:

Shops:
D:2 :


Innate Abilities, Weirdness & Mutations

You have a pair of horns on your head.
You reflexively headbutt those who attack you in melee.


Message History

You have reached level 2!
You closely miss the gnoll. The gnoll closely misses you.
You block the gnoll's attack. The gnoll closely misses you.
The gnoll hits you but does no damage. The gnoll closely misses you.
You see here a +0 spear.
You hit the gnoll.
The gnoll is moderately wounded.
You hit the gnoll. You hit the kobold.
The gnoll hits you from afar with a +0 spear.
The gnoll hits you with a +0 club. The gnoll misses you.
The kobold hits you but does no damage. The kobold barely misses you.
The gnoll hits you but does no damage. The gnoll closely misses you.
You block the gnoll's attack.
You barely miss the gnoll. You headbutt the gnoll.
The gnoll is heavily wounded.
You hit the kobold.
You kill the kobold!
You hit the gnoll. The gnoll hits you with a +0 club.
The gnoll barely misses you. You furiously retaliate!
You headbutt the gnoll.
The gnoll hits you from afar with a +0 spear!
* * * LOW HITPOINT WARNING * * *
You hit the gnoll but do no damage. You headbutt the gnoll.
You kill the gnoll!
You miss the frilled lizard. You hit the gnoll but do no damage.
The frilled lizard barely misses you.
The gnoll hits you from afar with a +0 spear.
* * * LOW HITPOINT WARNING * * *
You block the gnoll's attack. The gnoll hits you but does no damage.
The gnoll closely misses you.
The frilled lizard bites you but does no damage.
Your Fighting skill increases to level 4!
Your Axes skill increases to level 3!
Your Armour skill increases to level 4!
Your Shields skill increases to level 4!
You slash the frilled lizard!
You kill the frilled lizard!
You barely miss the gnoll. The gnoll misses you. You furiously retaliate!
You headbutt the gnoll, but do no damage.
The gnoll hits you from afar with a +0 spear.
You die...

..## ... .. ..##
... ##..######...
#............ #
#............ ..#
#....))g..# ..
#>...@..>.#
#.#.....g..<#
#....########
####.......##
#.#.⌠.⌠..#
#........#####
##...∩.......#
##......###.#######
#.⌠.⌠.## #.......#


You could see 2 gnolls.

Vanquished Creatures
  2 gnolls (D:2)
  An endoplasm (D:1)
  A goblin (D:1)
  2 hobgoblins (D:1)
  A frilled lizard (D:2)
  2 kobolds
9 creatures vanquished.

Notes
Turn   | Place    | Note
-------+----------+-------------------------------------------
     0 | D:1      | Achh the Minotaur Fighter began the quest for the Orb.
     0 | D:1      | Reached XP level 1. HP: 19/19 MP: 0/0
   140 | D:1      | Found a faded altar of an unknown god.
   155 | D:1      | Got Plato's Textbook on Metamorphosis
   186 | D:1      | You fall into a shaft and drop 1 floor!
   194 | D:2      | Found Elel Gij's Vocational Training.
   214 | D:2      | Reached XP level 2. HP: 23/27 MP: 1/1
   219 | D:2      | Slain by a gnoll

Illustrated notes

Levels and vault maps discovered:
D:1:      dpeg_arrival_shrine, layout_basic,
          shapermc_ecumenical_altar_rom_forum, nicolae_hexahallways,
          serial_bayou_crossing
D:2:      layout_rooms, nicolae_shop_vocational, uniq_natasha

Skill      XL: |  1  2 |
---------------+-------+-----
Fighting       | 4 |  4.0
Axes           | 3 |  3.0
Armour         | 4 |  4.0
Shields        | 4 |  4.0

Action                   || total
-------------------------++-------
Melee: War axe           ||    17
       Headbutt          ||     5
Armor: Scale mail        ||    12
Dodge: Dodged            ||    19
Block: Buckler           ||     5
